 Dungeon Crawl Stone Soup version 0.30.0-3-ga4e48a9924 (console) character file.

Game seed: 8647077976986497726

301 jejorda2 the Cutter (level 6, -13/34 HPs)
             Began as a Vine Stalker Berserker on May 7, 2023.
             Was a Priest of Trog.
             Mangled by an ogre
             ... wielding a +0 giant club
              (25 damage)
             ... on level 4 of the Dungeon.
             The game lasted 00:07:10 (2618 turns).

jejorda2 the Cutter (Vine Stalker Berserker)        Turns: 2618, Time: 00:07:11

Health: -13/34     AC:  8    Str: 17    XL:     6   Next: 37%
Magic:  0/7        EV: 10    Int: 10    God:    Trog [***...]
Gold:   243        SH:  0    Dex: 13    Spells: 5/5 levels left

rFire   + . .        a - +11 long sword {speed, rPois rF+ Str-5 Int+3}
rCold   . . .        (no shield)
rNeg    . . .        v - +0 scale mail
rPois   +            h - +0 helmet
rElec   .            g - scarf {+Inv}
rCorr   .            (no gloves)
SInv    .            w - +0 pair of boots
Will    .....        (no amulet) Stlth
                     p - ring of flight
HPRegen 1.05/turn    (no ring)
MPRegen 0.10/turn

%: guardian spirit
@: on berserk cooldown, flying, slowed, very slow
A: fangs 2, regeneration 1, magic shield, antimagic bite, no potion heal 2
a: Renounce Religion, Evoke Invisibility, Berserk, Trog's Hand


You were on level 4 of the Dungeon.
You worshipped Trog.
Trog was most pleased with you.
You visited 1 branch of the dungeon, and saw 4 of its levels.

You collected 243 gold pieces.

Inventory:

Hand Weapons
 a - the +11 long sword of Watchfulness (weapon) {speed, rPois rF+ Str-5 Int+3}
   (You found it on level 2 of the Dungeon)

   Str:       It affects your strength (-5).
   Int:       It affects your intelligence (+3).
   rF:        It protects you from fire.
   rPois:     It protects you from poison.
 j - a +0 dagger
Missiles
 l - 4 curare-tipped darts (quivered)
 t - a silver boomerang
 x - 21 stones
Armour
 g - a scarf of invisibility (worn)
 h - a +0 helmet (worn)
 v - a +0 scale mail (worn)
 w - a +0 pair of boots (worn)
Jewellery
 p - a ring of flight (left hand)
Scrolls
 b - a scroll of fog {unknown}
 d - a scroll of amnesia {unknown}
 f - a scroll of vulnerability {unknown}
 o - a scroll of enchant weapon {unknown}
 q - 2 scrolls of identify {unknown}
 r - a scroll of blinking {unknown}
 s - a scroll of fear {unknown}
 u - 2 scrolls of teleportation {unknown}
Potions
 c - 3 potions of flight {unknown}
 e - a potion of magic {unknown}
 i - a potion of degeneration {unknown}
 k - a potion of mutation {unknown}
 m - 2 potions of curing {unknown}
 n - a potion of cancellation {unknown}


   Skills:
 + Level 4.3 Fighting
 * Level 5.1 Short Blades
 - Level 1.5 Armour
 - Level 1.5 Dodging
 - Level 1.1 Stealth


You had 5 spell levels left.
You didn't know any spells.
Your spell library was empty.

Dungeon Overview and Level Annotations

Branches:
Dungeon (4/15)
 Temple: D:4-7

Altars:
Ru


Innate Abilities, Weirdness & Mutations

You have extremely sharp teeth.
Your natural rate of healing is unusually fast.
When hurt, damage is shared between your health and your magic reserves.
Your bite disrupts and absorbs the magic of your enemies.
Potions cannot restore your health.


Message History

You kill the gnoll!
Trog accepts your kill. The gnoll misses you.
An ogre comes into view. It is wielding a +0 giant club.
The ogre shouts!
The gnoll hits you but does no damage. The gnoll hits you with a +0 whip.
You completely miss the gnoll. You closely miss the gnoll.
The gnoll hits you but does no damage. The gnoll completely misses you.
You barely miss the gnoll. You bite the gnoll. You drain its power.
The gnoll is moderately wounded.
You barely miss the gnoll. You bite the gnoll!
You kill the gnoll!
Trog accepts your kill.
The gnoll hits you from afar with a +0 halberd.
You slash the endoplasm!
You kill the endoplasm!
Trog accepts your kill. The gnoll hits you but does no damage.
You closely miss the gnoll. You bite the gnoll. You drain its power.
You feel invigorated.
The gnoll is moderately wounded.
The gnoll hits you with a +0 halberd!
You slash the gnoll! Your bite misses the gnoll.
The gnoll is almost dead.
You are no longer berserk.
You are exhausted.
You feel yourself slow down.
You closely miss the gnoll. Your bite misses the gnoll.
The gnoll is almost dead.
The gnoll closely misses you.
You slash the ogre!
The ogre is moderately wounded.
The gnoll closely misses you. The ogre hits you with a +0 giant club!
You slash the ogre!
The ogre is heavily wounded.
The gnoll hits you with a +0 halberd.
The ogre hits you with a +0 giant club!!
Ouch! That really hurt!
You die...

...#....#. #####
##......... ##.#..#
...........#####.......
.......)....... >......
...#.......#.###......#
.##.........).).........
............#))......##.
#.........)♣♣♣..........
.#..#.........♣)@O..##..
..#........♣.PP♣#g..#
~.#......♣♣.P.♣♣ ....#
.~#.....♣P♣PP.♣ ....#
.~#.#...♣♣P~~PP♣ #.#...
.~#.#...♣P~~~~.P ......
~.#..###♣ P~~P.♣. ...#..
:.#..## ♣ .♣.♣♣ ... ..
.#.#..##.#


You could see an ogre and a gnoll.

Vanquished Creatures
  An ogre (D:4)
  2 orc priests (D:4)
  An iguana (D:4)
  3 gnolls (D:4)
  An adder (D:3)
  3 worms
  2 dart slugs
  7 orcs
  6 endoplasms
  2 giant cockroaches
  9 goblins
  3 hobgoblins
  3 jackals (D:1)
  10 kobolds
  7 quokkas
  7 ball pythons
  4 bats
  A frilled lizard (D:2)
  5 rats
77 creatures vanquished.

Notes
Turn   | Place    | Note
-------+----------+-------------------------------------------
     0 | D:1      | jejorda2 the Vine Stalker Berserker began the quest for the
                  | Orb.
     0 | D:1      | Reached XP level 1. HP: 11/11 MP: 2/2
   271 | D:1      | Reached XP level 2. HP: 12/16 MP: 3/3
   450 | D:1      | Reached skill level 3 in Short Blades
   515 | D:1      | Reached skill level 1 in Stealth
   560 | D:1      | Reached XP level 3. HP: 16/20 MP: 2/4
   717 | D:1      | You fall into a shaft and drop 1 floor!
   903 | D:2      | Reached ** piety under Trog
  1057 | D:2      | Identified the +11 long sword of Watchfulness {speed, rPois
                  | rF+ Str-5 Int+3}
  1557 | D:3      | Gained mutation: Your natural rate of healing is unusually
                  | fast. [Vine Stalker growth]
  1557 | D:3      | Reached XP level 4. HP: 24/24 MP: 5/5
  2377 | D:4      | Reached skill level 4 in Short Blades
  2377 | D:4      | Reached XP level 5. HP: 29/29 MP: 6/6
  2382 | D:4      | Found a sacrificial altar of Ru.
  2404 | D:4      | Noticed an ogre
  2414 | D:4      | Killed an ogre
  2598 | D:4      | Reached XP level 6. HP: 28/33 MP: 4/7
  2599 | D:4      | Reached skill level 5 in Short Blades
  2600 | D:4      | Reached *** piety under Trog
  2618 | D:4      | Mangled by an ogre

Illustrated notes

Levels and vault maps discovered:
D:1:      ncdulo_wetmaze, layout_loops_cross
D:2:      cheibrodos_helix_gallery, layout_loops_ring
D:3:      layout_basic, dreamdust_wishing_well
D:4:      layout_rooms, nicolae_ru_awakened_eye, makhleb_altar_promises_db,
          minitemple, serial_forest, infiniplex_forest_zigzag_1,
          infiniplex_forest_clump_small, infiniplex_forest_clump_long,
          infiniplex_forest_pool, infiniplex_forest_clump_medium,
          infiniplex_forest_straight_2, infiniplex_forest_clump_C,
          infiniplex_forest_straight_2, uniq_sigmund

Skill      XL: |  1  2  3  4  5  6 |
---------------+-------------------+-----
Fighting       | 3 4 |  4.3
Short Blades   | 3 4 5 |  5.1
Stealth        | 1 |  1.1
Armour         | |  1.5
Dodging        | |  1.5

Action                     |  1- 3 |  4- 6 || total
---------------------------+-------+-------++-------
  Melee: Short sword       |    64 |       ||    64
         Bite              |    30 |    11 ||    41
         Dagger            |    48 |       ||    48
         Long sword        |    22 |    57 ||    79
  Throw: Stone             |    13 |       ||    13
         Dart              |       |     1 ||     1
 Invoke: Berserk           |     1 |     2 ||     3
   Stab: Sleeping          |     6 |       ||     6
 Armour: Animal skin       |    23 |     1 ||    24
         Scale mail        |       |    17 ||    17
         Ring mail         |       |     1 ||     1
  Dodge: Dodged            |    86 |    26 ||   112
